 Dungeon Crawl Stone Soup version 0.31.0-32-g396128a36d (webtiles) character file.

Game seed: 1703671480850782545

51 Crambunxious the Ruffian (level 3, -4/28 HPs)
             Began as a Gnoll Shapeshifter on Mar 9, 2024.
             Killed by divine providence
             ... invoked by an orc priest
              (13 damage)
             ... on level 5 of the Dungeon.
             The game lasted 00:21:45 (1339 turns).

Crambunxious the Ruffian (Gnoll Shapeshifter)       Turns: 1339, Time: 00:21:45

Health: -4/28      AC:  3    Str: 15    XL:     3   Next: 83%
Magic:  4/4        EV: 12    Int:  9    God:
Gold:   111        SH:  4    Dex: 11    Spells: 4/4 levels left

rFire   . . .        k - +2 dagger (vamp)
rCold   . . .        f - +0 buckler
rNeg    . . .        s - +0 leather armour {Will+}
rPois   .            (helmet currently unavailable)
rElec   .            (cloak currently unavailable)
rCorr   .            (gloves currently unavailable)
SInv    .            (boots currently unavailable)
Will    +....        (no amulet)
Stlth   +            (no ring)
HPRegen 0.24/turn    (no ring)
MPRegen 0.09/turn

%: no passive effects
@: beast-form
A: beast (slay +3), fangs 1, strong nose, distributed training
a: Begin Untransformation


You were on level 5 of the Dungeon.
You were a hulking beast.
You visited 1 branch of the dungeon, and saw 5 of its levels.

You collected 111 gold pieces.

Inventory:

Hand Weapons
 e - a +0 whip
 i - a +0 hand axe
 j - a +0 club
 k - a +2 vampiric dagger (weapon)
 n - a +0 whip
 r - a +0 dagger
 v - a +1 dagger of draining
 B - a +0 club
 C - a +0 short sword
 D - a +0 short sword
Missiles
 t - 16 stones (quivered)
 w - 6 poisoned darts
Armour
 a - a +0 animal skin
 f - a +0 buckler (worn)
 m - a +0 leather armour
 p - an orb of light
 q - a +0 robe
 s - a +0 leather armour of willpower (worn)
 x - a +0 leather armour
Talismans
 c - a beast talisman (active)
 d - a flux talisman
Scrolls
 g - a scroll of fear {unknown}
 l - a scroll of identify {unknown}
 u - a scroll of teleportation {unknown}
 y - a scroll of immolation {unknown}
 z - a scroll of amnesia {unknown}
 A - a scroll of vulnerability {unknown}
Potions
 b - a potion of lignification
 h - 3 potions of attraction {unknown}
 o - a potion of heal wounds {unknown}
 E - a potion of enlightenment {unknown}


   Skills:
 + Level 2.7 Fighting
 + Level 1.0 Short Blades
 + Level 1.0 Long Blades
 + Level 1.0 Axes
 + Level 1.0 Maces & Flails
 + Level 1.0 Polearms
 + Level 1.0 Staves
 + Level 1.0 Ranged Weapons
 + Level 1.0 Throwing
 + Level 1.0 Armour
 + Level 4.6 Dodging
 + Level 1.0 Stealth
 + Level 1.0 Shields
 + Level 6.5 Unarmed Combat
 + Level 1.0 Spellcasting
 + Level 0.7 Conjurations
 + Level 0.7 Hexes
 + Level 0.7 Summonings
 + Level 0.7 Necromancy
 + Level 0.7 Translocations
 + Level 0.7 Fire Magic
 + Level 0.7 Ice Magic
 + Level 0.7 Air Magic
 + Level 0.7 Earth Magic
 + Level 0.7 Alchemy
 + Level 1.1 Invocations
 + Level 1.0 Evocations
 + Level 6.5 Shapeshifting


You had 4 spell levels left.
You didn't know any spells.
Your spell library was empty.

Dungeon Overview and Level Annotations

Branches:
Dungeon (5/15)
 Temple: D:4-7

Altars:


Innate Abilities, Weirdness & Mutations

You are a hulking beast.
Your limbs bulge with bestial killing power. (Slay +3)
You have very sharp teeth.
Your uncanny sense of smell can sniff out nearby items.
Your experience applies equally to all skills.


Message History

There is a stone staircase leading up here.
HP restored.
Found a stone staircase leading down.
A dart slug comes into view.
The helpless dart slug fails to defend itself.
You puncture the dart slug!
You kill the dart slug!
No target in view!
No target in view!
You now have 111 gold pieces (gained 10).
E - a fizzy black potion
There are no items here.
There is a stone staircase leading down here.
You climb downwards.
The orc shouts!
The orc priest shouts!
There is a stone staircase leading up here.
You puncture the orc!
You kill the orc!
Things that are here:
a +0 whip; a +0 leather armour; an orc corpse
Okay, then.
The orc priest invokes the aid of Beogh against you.
Beogh smites you!
You hit the orc priest.
You feel better.
You bite the orc priest, but do no damage.
The orc priest is lightly wounded.
The orc priest calls down the wrath of Beogh upon you.
Beogh smites you!
Ouch! That really hurt!
* * * LOW HITPOINT WARNING * * *
You are too injured to fight recklessly!
You hit the orc priest but do no damage.
You bite the orc priest, but do no damage.
The orc priest is lightly wounded.
The orc priest misses you.
You hit the orc priest.
You feel better.
The orc priest is heavily wounded.
The orc priest invokes the aid of Beogh against you.
Beogh smites you!
You die...

#. #. #. #. #. #
#. .##
######.#####...##
.......<.)hoo...#
##......####...##
#....... .##
####...## # ##.##
#. #. #+


You could see an orc priest and an orc.

Vanquished Creatures
  A ribbon worm (D:2)
  2 dart slugs
  An orc (D:5)
  4 ball pythons
  4 bats
  3 endoplasms
  5 giant cockroaches (D:1)
  2 goblins (D:1)
  A hobgoblin (D:1)
  3 jackals
  A quokka (D:1)
  2 frilled lizards
  5 kobolds
  8 rats
42 creatures vanquished.

Notes
Turn   | Place    | Note
-------+----------+-------------------------------------------
     0 | D:1      | Crambunxious the Gnoll Shapeshifter began the quest for the
                  | Orb.
     0 | D:1      | Reached XP level 1. HP: 17/17 MP: 1/1
   176 | D:1      | Reached XP level 2. HP: 15/23 MP: 2/2
   540 | D:1      | Reached XP level 3. HP: 27/28 MP: 3/3
   919 | D:2      | Reached skill level 1 in Invocations
  1164 | D:2      | Reached skill level 1 in Short Blades
  1164 | D:2      | Reached skill level 1 in Long Blades
  1164 | D:2      | Reached skill level 1 in Axes
  1164 | D:2      | Reached skill level 1 in Maces & Flails
  1164 | D:2      | Reached skill level 1 in Polearms
  1164 | D:2      | Reached skill level 1 in Staves
  1164 | D:2      | Reached skill level 1 in Ranged Weapons
  1164 | D:2      | Reached skill level 1 in Throwing
  1164 | D:2      | Reached skill level 1 in Armour
  1164 | D:2      | Reached skill level 1 in Stealth
  1164 | D:2      | Reached skill level 1 in Shields
  1164 | D:2      | Reached skill level 1 in Spellcasting
  1164 | D:2      | Reached skill level 1 in Evocations
  1332 | D:5      | Entered Level 5 of the Dungeon
  1339 | D:5      | Killed from afar by an orc priest

Illustrated notes

Levels and vault maps discovered:
D:1:      mrwooster_arrival_statue, layout_basic, minmay_misc_feat_rows
D:2:      layout_loops_ring, serial_aquarium, aquarium_bridge_square
          [aquarium_subvault_wall, aquarium_subvault_bridge,
          aquarium_subvault_window, aquarium_subvault_bridge],
          aquarium_window_fake, aquarium_window_fake, aquarium_window_fake,
          aquarium_view_2d, aquarium_view_2e, aquarium_balcony_1a, dk_vineyard_3
D:3:      layout_rooms, mainiacjoe_overflow_surrounded_room,
          hangedman_abyss_or_decor_lesser_grid, roderic_filled_cross
D:4:      kennysheep_kobold_camp, layout_basic, mainiacjoe_overflow_brackets,
          uniq_crazy_yiuf_cottage
D:5:      layout_loops_corners, lemuel_tele_altar, uniq_blork_the_orc,
          uniq_menkaure, uniq_pikel

Skill      XL: |  1  2  3 |
---------------+----------+-----
Invocations    | 1 |  1.1
Short Blades   | 1 |  1.0
Long Blades    | 1 |  1.0
Axes           | 1 |  1.0
Maces & Flails | 1 |  1.0
Polearms       | 1 |  1.0
Staves         | 1 |  1.0
Ranged Weapons | 1 |  1.0
Throwing       | 1 |  1.0
Armour         | 1 |  1.0
Stealth        | 1 |  1.0
Shields        | 1 |  1.0
Spellcasting   | 1 |  1.0
Evocations     | 1 |  1.0
Fighting       | |  2.7
Dodging        | |  4.6
Unarmed Combat | |  6.5
Conjurations   | |  0.7
Hexes          | |  0.7
Summonings     | |  0.7
Necromancy     | |  0.7
Translocations | |  0.7
Fire Magic     | |  0.7
Ice Magic      | |  0.7
Air Magic      | |  0.7
Earth Magic    | |  0.7
Alchemy        | |  0.7
Shapeshifting  | |  6.5

Action                     || total
---------------------------++-------
  Melee: Unarmed           ||     9
         Whip              ||     6
         Dagger            ||    82
         Hand axe          ||     5
         Bite              ||     9
   Stab: Sleeping          ||     1
 Armour: Skin              ||     3
         Animal skin       ||     7
         Leather armour    ||    30
  Dodge: Dodged            ||    72
  Block: Buckler           ||    24
         Form:             ||     2
         Beast             ||     2
         Flux              ||     1
